 Dungeon Crawl Stone Soup version 0.27.1-4-g1640c2035a (webtiles) character file.

Game seed: 7637876360667457236

617 iamoutofideas the Magician (level 7, 0/37 HPs)
             Began as a Deep Elf Fire Elementalist on Nov 3, 2021.
             Killed by miscasting Fireball (11 damage)
             ... on level 4 of the Dungeon.
             The game lasted 00:07:06 (5499 turns).

iamoutofideas the Magician (DEFE)                   Turns: 5499, Time: 00:07:07

Health: 0/37       AC:  2    Str:  5    XL:     7   Next: 21%
Magic:  4/19       EV: 13    Int: 28    God:
Gold:   287        SH:  0    Dex: 15    Spells: 7/19 levels left

rFire    . . .     SeeInvis .   (no weapon)
rCold    . . .     Faith    .   (no shield)
rNeg     . . .     Spirit   .   a - +0 robe
rPois    .         Reflect  .   (no helmet)
rElec    .         Harm     .   (no cloak)
rCorr    .         Rampage  .   (no gloves)
Will     .....                  (no boots)
Stlth    +.........             (no amulet)
HPRegen  0.12/turn              g - +6 ring of intelligence
MPRegen  0.16/turn              (no ring)

@: lit by a corona, very slightly contaminated, glowing
A: no striking features
a: no special abilities


You were on level 4 of the Dungeon.
You visited 1 branch of the dungeon, and saw 4 of its levels.

You collected 287 gold pieces.

Inventory:

Armour
 a - a +0 robe (worn)
Jewellery
 g - a +6 ring of intelligence (left hand)
 m - a ring of ice
Scrolls
 b - 2 scrolls of amnesia
 c - a scroll of noise {unknown}
 d - a scroll of immolation
 e - 3 scrolls of teleportation {unknown}
 f - 2 scrolls of identify
 h - a scroll of fear {unknown}
 k - a scroll of vulnerability {unknown}
 l - a scroll of acquirement {unknown}
 n - a scroll of magic mapping {unknown}
Potions
 i - a potion of curing
 j - a potion of ambrosia {unknown}
 o - a potion of heal wounds {unknown}


   Skills:
 + Level 0.3 Fighting
 + Level 3.4 Dodging
 + Level 3.2 Stealth
 * Level 6.7 Spellcasting
 + Level 3.7 Conjurations
 + Level 1.0 Necromancy
 + Level 5.7 Fire Magic


You had 7 spell levels left.
You knew the following spells:

 Your Spells              Type           Power      Damage    Failure   Level
a - Foxfire               Conj/Fire      100%       2x1d9     1%          1
b - Conjure Flame         Conj/Fire      35%        6-21      2%          3
c - Vampiric Draining     Necr           7%         2d7       11%         3
d - Fireball              Conj/Fire      17%        3d9       22%         5

Your spell library contained the following spells:

 Spells                   Type           Power      Damage    Failure   Level
 Animate Skeleton         Necr           30%        N/A       3%          1
 Pain                     Necr           60%        1d7       3%          1
 Inner Flame              Hex/Fire       25%        N/A       5%          3
 Sticky Flame             Conj/Fire      35%        2d5       9%          4


Dungeon Overview and Level Annotations

Branches:
Dungeon (4/15)             Temple (0/1) D:4

Altars:
Elyvilon
Okawaru
Qazlal

Annotations:
D:4 Dowan, Duvessa


Message History

Your foxfire dissipates!
The foxfire hits Duvessa.
Duvessa is lightly wounded.
Casting: Foxfire (safe; 1% risk of failure)
Confirm with . or Enter, or press ? or * to list all spells.
You conjure some foxfire!
The foxfire hits Duvessa.
Duvessa is lightly wounded.
The foxfire hits Duvessa!
Duvessa is moderately wounded.
Dowan says, "Stay away from my face!"
Dowan gestures wildly while chanting.
Dowan blinks!
Unknown command.
The foxfire hits Duvessa.
Duvessa is heavily wounded.
The foxfire hits Duvessa.
Duvessa is heavily wounded.
Duvessa zaps a wand.
The puff of flame hits you!
Duvessa drinks a potion.
Duvessa is healed!
Dowan throws and catches a handful of magical flame, then smirks.
Casting: Foxfire (safe; 1% risk of failure)
Confirm with . or Enter, or press ? or * to list all spells.
Okay, then.
Casting: Foxfire (safe; 1% risk of failure)
Confirm with . or Enter, or press ? or * to list all spells.
The spell is extremely dangerous to cast (22% risk of failure)!
Continue anyway?
Aiming: Fireball (extremely dangerous; 22% risk of failure)
Press: ? - help, Shift-Dir - straight line, f - Duvessa
Aim: Duvessa, wielding a +0 short sword, wearing a +0 leather armour and carrying a wand of flame (10) (moderately wounded, fast)
You miscast Fireball.
Heat runs through your body!
Duvessa zaps a wand.
The puff of flame hits you!
* * * LOW HITPOINT WARNING * * *
Casting: Fireball (extremely dangerous; 22% risk of failure)
Confirm with . or Enter, or press ? or * to list all spells.
The spell is extremely dangerous to cast (22% risk of failure)!
Continue anyway?
Aiming: Fireball (extremely dangerous; 22% risk of failure)
Press: ? - help, Shift-Dir - straight line, f/p - Duvessa
Aim: Duvessa, wielding a +0 short sword, wearing a +0 leather armour and carrying a wand of flame (9) (moderately wounded, fast)
You miscast Fireball.
You feel a strange surge of energy!
You die...

#.#.#.# #### #
#.#.#.# #.#...#.#
#.......# ........#
###.#'#.#
........######.......
........e....#......#
..######e....#......#
###..@..#......#
#..............#
#..............#
#..............#
#...........####
#....>...##.#
###########.# ######
#.# #..... #.# #.####


You could see Duvessa (fast) and Dowan.

Vanquished Creatures
  Menkaure (D:4)
  An ice beast (D:3)
  Blork the orc (D:4)
  A scorpion (D:4)
  An orc priest (D:4)
  An iguana (D:4)
  An orc wizard (D:4)
  3 gnolls (D:2)
  6 adders
  An adder skeleton (D:4)
  A worm (D:3)
  3 dart slugs
  6 orcs (D:4)
  9 ball pythons
  2 bats
  8 endoplasms
  6 giant cockroaches
  11 goblins
  8 hobgoblins
  3 jackals (D:1)
  5 quokkas
  3 frilled lizards
  5 kobolds
  A quokka skeleton (D:4)
  5 rats
93 creatures vanquished.

Vanquished Creatures (collateral kills)
  A foxfire (D:3)
1 creature vanquished.

Vanquished Creatures (others)
  400 foxfires
400 creatures vanquished.

Grand Total: 494 creatures vanquished

Notes
Turn   | Place    | Note
-------+----------+-------------------------------------------
     0 | D:1      | iamoutofideas the Deep Elf Fire Elementalist began the
                  | quest for the Orb.
     0 | D:1      | Reached XP level 1. HP: 10/10 MP: 6/6
   411 | D:1      | Found a faded altar of an unknown god.
   439 | D:1      | You fall into a shaft and drop 1 floor!
   450 | D:2      | Reached XP level 2. HP: 14/15 MP: 1/8
   715 | D:2      | Reached XP level 3. HP: 19/19 MP: 6/9
   719 | D:2      | Learned a level 3 spell: Conjure Flame
  1151 | D:2      | Learned a level 3 spell: Vampiric Draining
  1922 | D:1      | Reached XP level 4. HP: 24/24 MP: 7/11
  2532 | D:2      | Reached skill level 4 in Spellcasting
  3190 | D:3      | Found a white marble altar of Elyvilon.
  3223 | D:3      | Noticed an ice beast
  3264 | D:3      | Killed an ice beast
  3265 | D:3      | Reached XP level 5. HP: 7/28 MP: 1/14
  3498 | D:2      | Learned a level 5 spell: Fireball
  3815 | D:3      | Found an iron altar of Okawaru.
  3821 | D:3      | Reached skill level 5 in Spellcasting
  4061 | D:3      | Found a stormy altar of Qazlal.
  4221 | D:4      | Reached skill level 5 in Fire Magic
  4221 | D:4      | Reached XP level 6. HP: 33/33 MP: 9/15
  4631 | D:4      | Noticed Blork the orc
  4660 | D:4      | Killed Blork the orc
  4924 | D:4      | Noticed Menkaure
  4928 | D:4      | Killed Menkaure
  4929 | D:4      | Reached skill level 6 in Spellcasting
  4929 | D:4      | Reached XP level 7. HP: 37/37 MP: 12/18
  5287 | D:4      | Reached skill level 1 in Necromancy
  5464 | D:4      | Found a staircase to the Ecumenical Temple.
  5487 | D:4      | Noticed Duvessa
  5487 | D:4      | Noticed Dowan
  5499 | D:4      | Killed by miscasting Fireball

Illustrated notes

Levels and vault maps discovered:
D:1:      lightli_arrival_statue_moat, layout_loops_cross,
          dreamdust_ecumenical_altar_statues
D:2:      layout_loops_cross, minmay_surrounded
D:3:      layout_rooms, elyvilon_altar_1, mainiacjoe_overflow_chevrons,
          nicolae_qazlal_eye_of_the_storm
D:4:      layout_basic, minmay_temple_entry_purple_smoke, minmay_crystal_room,
          uniq_menkaure, uniq_blork_the_orc, uniq_duvessa

Skill      XL: |  1  2  3  4  5  6  7 |
---------------+----------------------+-----
Fire Magic     | 4 5 |  5.7
Dodging        | 3 |  3.4
Spellcasting   | 4 5 6 |  6.7
Conjurations   | 2 3 |  3.7
Stealth        | 3 |  3.2
Necromancy     | 1 |  1.0
Fighting       | |  0.3

Action                   |  1- 3 |  4- 6 |  7- 9 || total
-------------------------+-------+-------+-------++-------
Melee: Unarmed           |     1 |     1 |       ||     2
 Cast: Foxfire           |    84 |   145 |    30 ||   259
       Vampiric Draining |       |     4 |       ||     4
  Use: Scroll            |       |     2 |       ||     2
       Potion            |       |     2 |       ||     2
Armor: Robe              |     7 |     9 |       ||    16
Dodge: Dodged            |    27 |    37 |     1 ||    65
